 Dungeon Crawl Stone Soup version 0.27-a0-1200-g94dc6ad4cf (webtiles) character file.

Game seed: 4714554611065704892

29 polve the Shield-Bearer (level 3, 0/36 HPs)
             Began as a Troll Fighter on May 30, 2021.
             Slain by Sigmund
             ... wielding a +0 scythe
              (7 damage)
             ... on level 2 of the Dungeon.
             The game lasted 00:01:00 (1073 turns).

polve the Shield-Bearer (Troll Fighter)             Turns: 1073, Time: 00:01:00

Health: 0/36       AC:  4    Str: 24    XL:     3   Next: 1%
Magic:  2/2        EV:  8    Int:  4    God:
Gold:   78         SH:  9    Dex: 10    Spells: 2/2 levels left

rFire    . . .     SeeInvis .     - Unarmed
rCold    . . .     Faith    .   b - +0 kite shield
rNeg     . . .     Spirit   .   a - +0 robe
rPois    .         Reflect  .   (helmet restricted)
rElec    .         Harm     .   (no cloak)
rCorr    .         Rampage  .   (gloves unavailable)
Will     +....                  (boots unavailable)
Stlth    +.........             (no amulet)
HPRegen  1.12/turn              d - ring of willpower
MPRegen  0.08/turn              (no ring)

@: no status effects
A: large, unfitting armour, claws 3, regeneration 1, shaggy fur 1, tough skin 1
a: no special abilities


You were on level 2 of the Dungeon.
You visited 1 branch of the dungeon, and saw 2 of its levels.

You collected 78 gold pieces.

Inventory:

Armour
 a - a +0 robe (worn)
 b - a +0 kite shield (worn)
Jewellery
 d - a ring of willpower (left claw)
Scrolls
 e - a scroll of vulnerability {unknown}
 h - a scroll of enchant armour {unknown}
Potions
 c - a potion of might
 f - a potion of haste {unknown}
 g - 2 potions of curing {unknown}
 i - a potion of flight {unknown}


   Skills:
 + Level 2.6 Fighting
 + Level 2.6 Dodging
 * Level 2.8 Shields
 * Level 2.5 Unarmed Combat


You had 2 spell levels left.
You didn't know any spells.
Your spell library was empty.

Dungeon Overview and Level Annotations

Branches:
Dungeon (2/15)

Altars:

Annotations:
D:2 Sigmund


Innate Abilities, Weirdness & Mutations

You are too large for most types of armour.
You have claws for hands.
Your natural rate of healing is unusually fast.
You are covered in fur. (AC +1)
You have tough skin. (AC +1)


Message History

Sigmund hits you with a +0 scythe!
You are too injured to fight recklessly!
You are too injured to fight recklessly!
You are too injured to fight recklessly!
You are too injured to fight recklessly!
You are too injured to fight recklessly!
You are too injured to fight recklessly!
You are too injured to fight recklessly!
You are too injured to fight recklessly!
You are too injured to fight recklessly!
You are too injured to fight recklessly!
You are too injured to fight recklessly!
You are too injured to fight recklessly!
You are too injured to fight recklessly!
You are too injured to fight recklessly!
You are too injured to fight recklessly!
You barely miss Sigmund. You block Sigmund's attack.
You scratch Sigmund.
Sigmund is lightly wounded.
Sigmund hits you with a +0 scythe.
You barely miss Sigmund.
Sigmund is lightly wounded.
Sigmund casts a spell at himself.
Sigmund flickers and vanishes!
Deactivating autopickup; reactivate with Ctrl-A.
You miss something. Something hits you.
You miss something. Something hits you.
You miss something. Something hits you but does no damage. Something hits you!
You closely miss something. Something hits you!
You closely miss something. Something hits you.
You closely miss something. Something hits you but does no damage.
You scratch something. Something hits you.
* * * LOW HITPOINT WARNING * * *
You barely miss something. Something hits you.
* * * LOW HITPOINT WARNING * * *
You scratch something. Something hits you.
* * * LOW HITPOINT WARNING * * *
You closely miss something. Something hits you but does no damage.
Something hits you!
You die...

#.# #.# #.# #.#
#.# #.# #{# #@#
#######.###.# ###
[...........# #.#
#######.#####
###.############.#
.................#
################.#
###


There were no monsters in sight!

Vanquished Creatures
  2 dart slugs (D:1)
  4 bats
  2 endoplasms
  2 giant cockroaches
  3 goblins
  2 kobolds
  A quokka (D:1)
  3 ball pythons
  A frilled lizard (D:1)
  3 rats
23 creatures vanquished.

Notes
Turn   | Place    | Note
-------+----------+-------------------------------------------
     0 | D:1      | polve the Troll Fighter began the quest for the Orb.
     0 | D:1      | Reached XP level 1. HP: 22/22 MP: 0/0
   207 | D:1      | Reached XP level 2. HP: 29/29 MP: 1/1
  1022 | D:2      | Reached XP level 3. HP: 36/36 MP: 2/2
  1057 | D:2      | Noticed Sigmund
  1073 | D:2      | Slain by Sigmund

Illustrated notes

Levels and vault maps discovered:
D:1:      onia_arrival_pyramid, layout_loops_corners
D:2:      layout_basic, serial_forest, infiniplex_forest_clump_long,
          infiniplex_forest_lined_room_2, infiniplex_forest_corner_1,
          infiniplex_forest_clump_curved, infiniplex_forest_clump_small,
          serial_shops, shop, kennysheep_generic_room_16, uniq_sigmund,
          uniq_natasha

Action                   || total
-------------------------++-------
Melee: Unarmed           ||    62
Armor: Robe              ||    29
Dodge: Dodged            ||    14
Block: Kite shield       ||    24

Table legend: (Time is in decaauts)
 A = Elapsed time spent in this place.
 B = Non-inter-level travel time spent in this place.
 C = Inter-level travel time spent in this place.
 D = Time resting spent in this place.
 E = Time spent auto-exploring this place.
 F = Levels seen in this place.
 G = Mean time per level.
                   A        B        C        D        E       F      G
               +--------+--------+--------+--------+--------+-----+--------+
         Total |   1082 |   1034 |     48 |      0 |    873 |   2 |  541.0 |
       Dungeon |   1082 |   1034 |     48 |      0 |    873 |   2 |  541.0 |
               +--------+--------+--------+--------+--------+-----+--------+

Top non-repeatable levels by time:
     D:1: 827 daAuts
     D:2: 254 daAuts
